 Dungeon Crawl Stone Soup version 0.29.1-1-gd02db69 (webtiles) character file.

Game seed: 1899544773911878181

16 IceLeopardTea the Firebug (level 2, -3/15 HPs)
             Began as a Deep Elf Fire Elementalist on Apr 16, 2023.
             Slain by a gnoll
             ... wielding a +1 antimagic whip
              (5 damage)
             ... on level 1 of the Dungeon.
             The game lasted 00:04:30 (473 turns).

IceLeopardTea the Firebug (DEFE)                     Turns: 473, Time: 00:04:32

Health: -3/15      AC:  2    Str:  5    XL:     2   Next: 41%
Magic:  8/8        EV: 12    Int: 19    God:
Gold:   32         SH:  0    Dex: 15    Spells: 4/7 levels left

rFire   . . .      SeeInvis .   c - +0 short sword
rCold   . . .      Faith    .   (no shield)
rNeg    . . .      Spirit   .   a - +0 robe
rPois   .          Reflect  .   (no helmet)
rElec   .          Harm     .   (no cloak)
rCorr   .          Rampage  .   (no gloves)
Will    .....                   (no boots)
Stlth   ++........              (no amulet)
HPRegen 0.05/turn               (no ring)
MPRegen 0.11/turn               (no ring)

@: very slightly contaminated
A: no striking features
a: no special abilities


You were on level 1 of the Dungeon.
You visited 1 branch of the dungeon, and saw 1 of its levels.

You collected 32 gold pieces.

Inventory:

Hand Weapons
 c - a +0 short sword (weapon)
Armour
 a - a +0 robe (worn)
Magical Staves
 h - a staff of death
Scrolls
 e - a scroll of butterflies {unknown}
 f - a scroll of fear {unknown}
Potions
 d - a potion of haste {unknown}
 g - 2 potions of flight {unknown}


   Skills:
 + Level 0.2 Fighting
 + Level 0.2 Armour
 + Level 2.6 Dodging
 + Level 2.6 Stealth
 + Level 3.3 Spellcasting
 * Level 1.5 Conjurations
 * Level 3.5 Fire Magic


You had 4 spell levels left.
You knew the following spells:

 Your Spells              Type           Power      Damage    Failure   Level
a - Foxfire               Conj/Fire      48%        2x1d6     5%          1
b - Scorch                Fire           32%        2d7       5%          2

Your spell library contained the following spells:

 Spells                   Type           Power      Damage    Failure   Level
 Conjure Flame            Conj/Fire      12%        6-21      16%         3
 Ensorcelled Hibernation  Hex/Ice        6%         N/A       22%         2
 Inner Flame              Hex/Fire       9%         N/A       22%         3
 Spider Form              Tmut/Pois      3%         N/A       41%         3
 Flame Wave               Conj/Fire      12%        2d6       47%         4
 Anguish                  Hex/Necr       1%         N/A       83%         4
 Leda's Liquefaction      Hex/Erth       1%         N/A       83%         4
 Lee's Rapid Deconstruct  Erth           1%         3d5*      99%         5
 Statue Form              Tmut/Erth      2%         N/A       100%        6


Dungeon Overview and Level Annotations

Branches:
Dungeon (1/15)

Altars:


Message History

The foxfire hits the quokka.
You kill the quokka!
A gnoll comes into view. It is wielding a +1 antimagic whip.
Found a leather armour.
Casting: Foxfire (safe; 5% risk of failure)
Confirm with . or Enter, or press ? or * to list all spells.
You conjure some foxfire!
The gnoll shouts!
The foxfire hits the gnoll but does no damage.
The foxfire hits the gnoll.
The gnoll is moderately wounded.
Casting: Foxfire (safe; 5% risk of failure)
Confirm with . or Enter, or press ? or * to list all spells.
You conjure some foxfire!
The foxfire hits the gnoll.
The gnoll is moderately wounded.
The foxfire hits the gnoll.
The gnoll is severely wounded.
Casting: Foxfire (safe; 5% risk of failure)
Confirm with . or Enter, or press ? or * to list all spells.
You miscast Foxfire.
You are very lightly contaminated with residual magic.
Nothing appears to happen.
Casting: Foxfire (safe; 5% risk of failure)
Confirm with . or Enter, or press ? or * to list all spells.
You miscast Scorch.
Nothing appears to happen.
The gnoll hits you with a +1 antimagic whip!
Ouch! That really hurt!
You feel your power leaking away.
You closely miss the gnoll.
The gnoll is severely wounded.
The gnoll closely misses you.
You hit the gnoll.
The gnoll is severely wounded.
The gnoll hits you with a +1 antimagic whip.
* * * LOW HITPOINT WARNING * * *
Okay, then.
Magic courses through your body.
The gnoll hits you with a +1 antimagic whip.
You die...

...# #..# #..#†#####
...# #..# #.........
...# #####+####..#
#..#.##### ####
#.......##..# #..#......
..# #.......##..#
#..#..###. #.#
+[..........###..######.
#.####
#.......###........†....
#....# #.......#
#####..####### ##[..##
#.....g@#######..#
#....#
#................#
#....#
#...........###..#####
#....##
########.............#
#.....# #.....~~~.....#
#...#.######
#.....~_~.....#
#...#..#...#
#.....~~~.....#
#......#...#
#.........##+##
###........#
#..........#


You could see a gnoll.

Vanquished Creatures
  A dart slug (D:1)
  An endoplasm (D:1)
  A giant cockroach (D:1)
  2 goblins (D:1)
  A hobgoblin (D:1)
  2 kobolds (D:1)
  A quokka (D:1)
  3 frilled lizards (D:1)
  2 rats (D:1)
14 creatures vanquished.

Vanquished Creatures (others)
  36 foxfires (D:1)
36 creatures vanquished.

Grand Total: 50 creatures vanquished

Notes
Turn   | Place    | Note
-------+----------+-------------------------------------------
     0 | D:1      | IceLeopardTea the Deep Elf Fire Elementalist began the
                  | quest for the Orb.
     0 | D:1      | Reached XP level 1. HP: 10/10 MP: 6/6
   161 | D:1      | Reached XP level 2. HP: 15/15 MP: 5/8
   165 | D:1      | Learned a level 2 spell: Scorch
   318 | D:1      | Found a faded altar of an unknown god.
   473 | D:1      | Slain by a gnoll

Illustrated notes

Levels and vault maps discovered:
D:1:      sevenhm_arrival_forest_fort_large_2, layout_basic,
          hellmonk_ecumenical_altar_pennies_from_heaven

Action                   || total
-------------------------++-------
Melee: Short sword       ||     2
 Cast: Foxfire           ||    19
  Use: Potion            ||     1
Armor: Robe              ||     1
Dodge: Dodged            ||     3
